 Dungeon Crawl Stone Soup version 0.30-a0-721-ga6a225cb13 (webtiles) character file.

Game seed: 4751510496446408917

424001 crossborder the Black Belt (level 22, -5/188 HPs)
             Began as a Black Draconian Transmuter on Jan 13, 2023.
             Was a High Priest of the Shining One.
             Killed from afar by a fire giant (15 damage)
             ... with a bolt of fire
             ... on level 5 of the Vaults on Jan 27, 2023.
             The game lasted 05:48:39 (49005 turns).

crossborder the Black Belt (DrTm)                  Turns: 49005, Time: 05:48:40

Health: -5/188     AC: 18    Str: 12      XL:     22   Next: 71%
Magic:  8/43       EV: 24    Int: 18 (19) God:    the Shining One [*****.]
Gold:   4158       SH: 10    Dex: 20      Spells: 3/55 levels left

rFire   + + .      SeeInvis .      - Unarmed
rCold   + . .      Faith    .    (no shield)
rNeg    + + .      Spirit   .    (body armour unavailable)
rPois   .          Reflect  .    d - +2 hat {Stlth+}
rElec   +          Harm     .    Y - scarf {shadows}
rCorr   .          Rampage  ∞    Z - +0 pair of gloves {Stlth+}
Will    +....      Rnd*Tele +    o - +3 pair of seven-league boots {Rampage+∞}
Stlth   ++                       r - amulet of regeneration
HPRegen 0.51/turn                p - ring of protection from fire
MPRegen 0.28/turn                b - ring of protection from cold

@: divinely shielded, flying, hasted, glowing, very quick
A: breathe lightning, AC +11, unfitting armour, big wings, electricity
resistance, cold-blooded, agile 1, fire resistance 1, teleportitis 1, MP-powered
wands
}: 2/15 runes: decaying, gossamer
a: Breathe Lightning, Renounce Religion, Divine Shield, Cleansing Flame, Summon
Divine Warrior


You were on level 5 of the Vaults.
You worshipped the Shining One.
The Shining One was extremely pleased with you.
You visited 7 branches of the dungeon, and saw 38 of its levels.
You visited the Abyss 2 times.

You collected 4756 gold pieces.
You spent 598 gold pieces at shops.

Inventory:

Armour
 d - a +2 hat of stealth (worn)
 o - the +3 pair of seven-league boots (worn) {Rampage+∞}
   (You found it on level 4 of the Swamp)

   Rampage+∞: When moving toward enemies, its wearer moves as far as possible.
 s - the +1 pair of boots "Payvajir" {Will+}
   (You acquired it on level 3 of the Lair of Beasts)

   Will:      It increases your willpower.
 X - the +0 hat "Nuanuiv" {rCorr Dex+4}
   (You found it on level 3 of the Spider Nest)

   Dex:       It affects your dexterity (+4).
   rCorr:     It protects you from acid and corrosion.
 Y - a scarf of shadows (worn)
 Z - a +0 pair of gloves of stealth (worn)
Jewellery
 b - a ring of protection from cold (right hand)
 g - a +4 ring of protection
 i - the ring "Ceekk" {Ice Int+2}
   (You found it on level 3 of the Vaults)

   [ring of ice]

   It enhances your ice magic.
   Int:       It affects your intelligence (+2).
   rF:        It makes you vulnerable to fire.
   rC:        It protects you from cold.
 p - a ring of protection from fire (left hand)
 r - an amulet of regeneration (around neck)
 v - a ring of magical power
 I - the ring "Fearemio" {rN+ Will+ SInv}
   (You found it on level 5 of the Lair of Beasts)

   [ring of positive energy]

   rN:        It protects you from negative energy.
   SInv:      It lets you see invisible.
   Will:      It increases your willpower.
 J - the amulet "Koasujatt" {Spirit rCorr Slay+6}
   (You found it on level 3 of the Vaults)

   [amulet of guardian spirit]

   It causes incoming damage to be divided between your reserves of health and
   magic.
   Slay:      It affects your accuracy & damage with ranged weapons and melee
   (+6).
   rCorr:     It protects you from acid and corrosion.
 O - a +4 ring of protection
 R - an amulet of magic regeneration
Wands
 m - a wand of flame (34)
 n - a wand of iceblast (32)
 y - a wand of mindburst (22)
 B - a wand of digging (15)
 C - a wand of paralysis (41)
 D - a wand of polymorph (24)
Scrolls
 f - 3 scrolls of poison
 h - 8 scrolls of amnesia
 j - 3 scrolls of summoning
 k - 4 scrolls of enchant armour
 t - 5 scrolls of teleportation
 u - 4 scrolls of vulnerability
 w - 4 scrolls of fear (quivered)
 z - 5 scrolls of silence
 N - 6 scrolls of enchant weapon
 Q - 5 scrolls of magic mapping
 V - 2 scrolls of blinking
 W - 3 scrolls of fog
Potions
 a - 6 potions of lignification
 e - 7 potions of resistance
 l - 6 potions of attraction
 q - 2 potions of haste
 E - 2 potions of berserk rage
 F - 4 potions of ambrosia
 G - 3 potions of mutation
 H - 9 potions of might
 K - 4 potions of curing
 L - 5 potions of flight
 M - 2 potions of magic
 T - 7 potions of brilliance
 U - a potion of cancellation
Miscellaneous
 x - a phantom mirror
 A - a box of beasts (inert)
 P - a tin of tremorstones (2/2)
 S - a phial of floods


   Skills:
 * Level 13.8 Fighting
 - Level 0.2 Throwing
 + Level 16.8 Dodging
 - Level 20.7 Unarmed Combat
 + Level 17.4 Spellcasting
 + Level 4.9 Conjurations
 + Level 7.7 Translocations
 - Level 14.8 Transmutations
 - Level 2.0 Ice Magic
 * Level 14.0 Air Magic
 - Level 6.6 Earth Magic
 - Level 0.1 Poison Magic
 - Level 10.1 Invocations
 - Level 5.0 Evocations


You had 3 spell levels left.
You knew the following spells:

 Your Spells              Type           Power      Damage    Failure   Level
a - Dragon Form           Tmut           31%        N/A       7%          7
b - Wereblood             Tmut           62%        N/A       0%          2
c - Blade Hands           Tmut           31%        N/A       1%          5
d - Conjure Ball Lightni  Conj/Air       24%        3x3d7     12%         6
e - Blink                 Tloc           86%        N/A       1%          2
f - Storm Form            Tmut/Air       30%        N/A       9%          7
g - Statue Form           Tmut/Erth      35%        N/A       7%          6
h - Ozocubu's Armour      Ice            23%        N/A       4%          3
i - Lee's Rapid Deconstr  Erth           19%        3d11*     7%          5
j - Irradiate             Conj/Tmut      25%        3d20      1%          5
k - Manifold Assault      Tloc           43%        N/A       1%          4

Your spell library contained the following spells:

 Spells                   Type           Power      Damage    Failure   Level
 Beastly Appendage        Tmut           100%       N/A       0%          1
 Apportation              Tloc           86%        N/A       1%          1
 Freeze                   Ice            92%        1d9       1%          1
 Kiss of Death            Conj/Necr      96%        2d12      1%          1
 Magic Dart               Conj           100%       1d8       1%          1
 Cigotuvi's Dreadful Rot  Necr/Pois/Air  64%        N/A       1%          2
 Lesser Beckoning         Tloc           86%        N/A       1%          2
 Momentum Strike          Conj/Tloc      76%        3d10      1%          2
 Searing Ray              Conj           66%        2d6       1%          2
 Kindle Blastsparks       Fire/Tloc/Air  82%        2d16      1%          3
 Spider Form              Tmut/Pois      42%        N/A       1%          3
 Stone Arrow              Conj/Erth      72%        3d11      1%          3
 Hailstorm                Conj/Ice       28%        3d8       2%          3
 Necrotise                Necr           60%        1d7       3%          1
 Summon Small Mammal      Summ           60%        N/A       3%          1
 Frozen Ramparts          Ice            46%        1d7       4%          3
 Inner Flame              Hex/Fire       15%        N/A       11%         3
 Tukima's Dance           Hex            15%        N/A       11%         3
 Ice Form                 Ice/Tmut       46%        N/A       1%          4
 Passage of Golubria      Tloc           43%        N/A       1%          4
 Iskenderun's Mystic Bla  Conj/Tloc      38%        2d9       2%          4
 Alistair's Intoxication  Tmut/Pois      28%        N/A       4%          5
 Yara's Violent Unravell  Hex/Tmut       21%        3d10      4%          5
 Freezing Cloud           Conj/Ice/Air   20%        6-21      6%          5
 Leda's Liquefaction      Hex/Erth       13%        N/A       10%         4
 Fulminant Prism          Conj/Hex       12%        3d9       13%         4
 Iskenderun's Battlesphe  Conj           33%        2d9       14%         5
 Borgnjor's Vile Clutch   Necr/Erth      13%        N/A       26%         5
 Eringya's Noxious Bog    Tmut/Pois      21%        N/A       26%         6
 Cause Fear               Hex            7%         N/A       36%         4
 Fireball                 Conj/Fire      12%        3d7       36%         5
 Simulacrum               Ice/Necr       9%         N/A       98%         6
 Orb of Destruction       Conj           16%        9d7       99%         7
 Ozocubu's Refrigeration  Ice            11%        4d10      100%        7
 Discord                  Hex            7%         N/A       100%        8
 Lehudib's Crystal Spear  Conj/Erth      18%        10d5      100%        8
 Polar Vortex             Ice            11%        N/A       100%        9
 Animate Armour           Summ/Erth      Unusable   N/A       N/A         4

Dungeon Overview and Level Annotations

Branches:
Dungeon (15/15)            Temple (0/1) D:5            Lair (5/5) D:10
  Swamp (4/4) Lair:2       Spider (4/4) Lair:3        Slime (0/5) Lair:5
    Orc (2/2) D:10            Elf (3/3) Orc:2        Vaults (5/5) D:13
  Crypt (0/3) Vaults:3     Depths (0/4) D:15

Altars:
Cheibriados
Gozag
Hepliaklqana
Kikubaaqudgha
Nemelex Xobeh
Okawaru
Ru
Sif Muna
Trog
Vehumet
Wu Jian
Yredelemnul
Zin
The Shining One
Jiyva

Shops:
D:8 [   D:9 *   D:10 *   Orc:1 (   Orc:2 ([[*[   Elf:1 [   Elf:2 [

Portals:
Bazaar: Vaults:3

Annotations:
Orc:1 2 transporters, Guseph's ghost, journeyman DjSu
Elf:1 6 runed translucent doors
Vaults:5 Boris; Margery


Innate Abilities, Weirdness & Mutations

You can breathe wild blasts of lightning.
Your glossy black scales are hard. (AC +11)
You cannot fit into any form of body armour.
Your large and strong wings let you fly.
You are resistant to electric shocks. (rElec)
You are cold-blooded and may be slowed by cold attacks.
You are agile. (Dex +4, Str/Int -1)
Your flesh is heat resistant. (rF+)
You are occasionally teleported next to monsters.
You expend magic power (3 MP) to strengthen your wands.


Message History

Your surroundings suddenly seem different.
The fire giant shouts!
You hear a shout!
You hear a horrible gurgling sound!
You hear a screech!
The fire giant gestures at you while chanting.
The fireball explodes!
The fireball engulfs you! You resist.
* * * LOW HITPOINT WARNING * * *
You hear a deafening roar!
You hear a shout!
Okay, then.
You are momentarily dazzled by a brilliant light.
The fire giant casts a spell at you.
The fireball explodes!
The fireball engulfs you! You resist.
* * * LOW HITPOINT WARNING * * *
What are your orders? t - Shout!
Orders for allies: a - Attack new target. r - Retreat! s - Stop attacking. g - Guard the area. f - Follow me.
Anything else - Cancel.
Gang up on whom?
Press: ? - help, Dir - move target, f - fire giant
Aim: a fire giant, wielding a +2 great sword of flaming (ally target, haloed) Attack!
A lich comes into view.
The fire giant points at you and mumbles some strange words.
The fireball explodes!
The fireball engulfs you! You resist.
* * * LOW HITPOINT WARNING * * *
Okay, then.
You feel yourself speed up.
Something unseen opens the door.
The fire giant casts a spell at you. The bolt of fire hits you! You resist.
The Shining One protects you from harm!
Okay, then.
As you read the scroll of fog, it crumbles to dust.
The scroll dissolves into smoke.
The lich casts a spell.
The lich flickers and vanishes for a moment.
A freezing wraith comes into view.
The fire giant casts a spell at you. The bolt of fire hits your angel!!
The bolt of fire hits you! You resist.
You die...

#'# ... #.##
..... #C.##
......
#...###.L...
#.....#'...
#......'#
#....A..###
#.....§§§.##
#.....§@§..#
###.#..
#.....§§§...#
.L.....
........§.....W
#.#...
...############
...(... ...
....... #######


You could see a fire giant (ally target), a lich (invisible), a freezing wraith
and a friendly angel (summoned).

Vanquished Creatures
  Mara (Vaults:4)
  Nikola (Vaults:3)
  A bone dragon (Abyss:3)
  Arachne (Spider:2)
  Jorgrun (Swamp:2)
  Mlioglotl (Swamp:1)
  Rupert (D:12)
  The ghost of WienerDreamer the Warrior, an adept HOFi of Makhleb (Swamp:4)
  2 liches (Vaults:5)
  Asterion (Spider:2)
  3 tentacled monstrosities
  The ghost of Opifex the Peltast, an adept DsFi of Trog (Spider:4)
  A titan (Vaults:5)
  2 deep elf blademasters (Elf:3)
  Frances (Swamp:2)
  2 shadow dragons
  2 tentacled starspawn (Abyss:3)
  3 sphinxes
  Kirke (Spider:3)
  Donald (Swamp:2)
  2 tengu reavers
  Roxanne (Spider:3)
  11 emperor scorpions
  3 frost giants
  6 deep elf sorcerers
  Louise (Swamp:2)
  2 fire giants
  Aizul (Swamp:1)
  7 vault wardens
  5 ghost moths
  A ghoul (Vaults:3)
  An orc warlord (Vaults:4)
  24 ironbound preservers
  3 deep elf elementalists (Elf:3)
  4 stone giants
  9 very ugly things (Vaults:3)
  A broodmother (Spider:2)
  2 war gargoyles
  2 deep elf demonologists
  Nessos (D:12)
  2 ironbound thunderhulks
  7 deep elf annihilators
  A white draconian (Abyss:2)
  4 eleionomae
  4 bunyips (Swamp:4)
  Azrael (D:15)
  3 crystal guardians
  A yellow draconian (Abyss:3)
  2 eidola
  17 dire elephants
  3 ettins
  A fire dragon (D:15)
  5 deep elf death magi
  13 deep elf high priests
  8 great orbs of eyes
  29 vault guards
  5 yaktaur captains
  2 shambling mangroves (Swamp:4)
  2 ice dragons (D:15)
  A catoblepas (D:14)
  An ogre mage (D:15)
  2 jorogumos
  A rakshasa (Abyss:3)
  9 ironbound frosthearts
  A spriggan air mage (Swamp:4)
  2 radroaches (Spider:4)
  3 ghost crabs
  19 hydras
  4 peacekeepers
  13 two-headed ogres
  A merfolk avatar (Lair:5)
  15 centaur warriors
  4 boulder beetles
  15 death yaks
  11 alligators
  3 deep troll earth magi (Vaults:3)
  19 dancing weapons
  Urug (Lair:2)
  5 orc high priests
  A thrashing horror (Abyss:3)
  10 pharaoh ants
  4 wretched stars (Abyss:3)
  2 hell knights (Vaults:5)
  19 deep elf knights
  A storm dragon zombie (Vaults:4)
  A salamander mystic (D:12)
  12 spriggans
  70 deep trolls
  2 sun moths
  2 goliath frogs (Swamp:4)
  5 skeletal warriors
  A sea snake (Lair:5)
  A flayed ghost (D:9)
  A death drake (Swamp:4)
  9 swamp dragons
  6 orb spiders
  12 bog bodies
  7 deep elf archers
  4 spriggan druids
  A glowing orange brain (Vaults:2)
  11 lindwurms
  A tengu zombie (Vaults:3)
  5 phantasmal warriors
  A sphinx zombie (Vaults:3)
  14 ironbound convokers
  10 steelbarb worms
  8 necromancers
  4 wizards
  2 harpies
  2 tengu skeletons
  27 wolf spiders
  27 deep elf zephyrmancers
  2 wolf spider zombies (Spider:1)
  3 cyclopes
  33 ugly things
  7 manticores
  13 orc knights
  A shadow dragon skeleton (Vaults:3)
  26 deep elf pyromancers
  A frost giant zombie (Vaults:4)
  A will-o-the-wisp (Swamp:3)
  9 orc sorcerers
  Maurice (D:13)
  10 elephants
  A moth of wrath (shapeshifter) (D:9)
  7 moths of wrath
  A worldbinder (Abyss:3)
  10 vault sentinels
  An eye of devastation (shapeshifter) (D:14)
  A fire giant skeleton (Vaults:4)
  A frost giant skeleton (Vaults:3)
  3 black mambas (Lair:5)
  3 gargoyles
  3 unseen horrors
  5 torpor snails
  6 demonic crawlers
  7 cane toads
  An efreet (Abyss:2)
  17 yaktaurs
  A smoke demon (Abyss:2)
  4 ancient zymes
  8 rime drakes
  13 komodo dragons
  An elf skeleton (Vaults:4)
  2 freezing wraiths
  2 tengu conjurers (D:13)
  8 redback zombies (Spider:1)
  A harpy zombie (Abyss:2)
  6 trolls
  10 tyrant leeches
  A bloated husk (Swamp:1)
  4 raiju (Abyss:2)
  2 wind drakes (Lair:5)
  20 tarantellas
  10 hornets
  3 polar bears
  19 blink frogs
  6 meliai
  9 culicivora zombies (Spider:1)
  8 tarantella zombies (Spider:1)
  A stone giant simulacrum (Vaults:4)
  13 large abominations
  9 dream sheep
  23 jumping spiders
  A jumping spider (shapeshifter) (Abyss:2)
  17 culicivoras
  A vampire (D:9)
  2 air elementals
  3 flying skulls (Abyss:2)
  28 slime creatures
  4 ynoxinuls
  2 water elementals
  A shadow (D:12)
  4 fire elementals
  19 humans
  5 wraiths
  15 wyverns
  68 yaks
  10 basilisks
  A chaos spawn (Abyss:3)
  Eustachio (D:6)
  A neqoxec (Abyss:3)
  9 vampire mosquitoes
  47 redbacks
  Menkaure (D:5)
  4 steam dragons
  23 swamp worms
  2 wargs (Orc:1)
  4 acid dragons
  9 water moccasins
  Edmund (D:5)
  5 hell hounds (D:15)
  13 swamp drakes
  25 orc warriors
  9 ice beasts
  2 black bears (shapeshifter)
  A black bear (Lair:2)
  21 wolves
  9 ogres
  18 centaurs
  A centaur (shapeshifter) (Elf:1)
  A phantom (D:6)
  6 kobold brigands
  4 human zombies
  5 gnoll sergeants
  8 small abominations
  11 bullfrogs
  3 necrophages
  3 earth elementals
  9 scorpions
  A human skeleton (Vaults:4)
  9 wights
  A human simulacrum (Vaults:3)
  5 killer bees
  3 electric eels
  5 howler monkeys (D:9)
  A quasit (Abyss:2)
  4 gnoll boudas
  8 hounds
  An iron imp (Abyss:3)
  13 orc priests
  3 jellies
  6 iguanas
  28 orc wizards
  9 hell rats
  32 gnolls
  5 adders
  2 shadow imps (D:7)
  A white imp (D:7)
  2 ufetubi (D:6)
  3 worms
  2 dart slugs
  52 orcs
  4 endoplasms
  3 giant cockroaches
  11 goblins
  9 hobgoblins
  12 kobolds
  4 quokkas
  5 ball pythons
  4 bats
  2 frilled lizards
  5 rats
  A lurking horror (Abyss:3)
  A starspawn tentacle (Abyss:3)
1690 creatures vanquished.

Vanquished Creatures (collateral kills)
  Xtahua (Vaults:2)
  A storm dragon (Vaults:5)
  3 emperor scorpions
  2 vault wardens
  An orc warlord (Vaults:2)
  2 war gargoyles (Vaults:1)
  A stone giant (Vaults:5)
  A deep elf demonologist (Elf:3)
  A bunyip (Lair:2)
  A deep elf annihilator (Elf:3)
  A yaktaur captain (Vaults:2)
  A centaur warrior (Vaults:1)
  2 goliath frogs
  An ironbound convoker (Vaults:1)
  A steelbarb worm (Spider:4)
  An orc knight (Elf:1)
  2 deep elf zephyrmancers (Elf:1)
  A deep elf archer (Elf:1)
  A deep elf pyromancer (Elf:1)
  3 will-o-the-wisps
  A yaktaur (D:15)
  A meliai (shapeshifter) (Elf:1)
  A tyrant leech (Lair:2)
  A large abomination (Abyss:3)
  2 slime creatures (Vaults:1)
  A fire elemental (Abyss:3)
  2 vampire mosquitoes (Swamp:2)
  2 redbacks (Spider:2)
  A swamp worm (Swamp:2)
  An electric eel (Spider:4)
  2 orc priests (Elf:1)
  An orc (Elf:1)
44 creatures vanquished.

Vanquished Creatures (others)
  A deep elf sorcerer (Elf:3)
  A spriggan berserker (Swamp:4)
  A vault sentinel (Vaults:3)
  A tarantella (Spider:3)
  7 humans (Spider:3)
  A steam dragon (D:9)
  2 redbacks
  An orc priest (Orc:2)
  3 orcs (Elf:1)
  24 ball lightnings
  6 foxfires
  68 fungi
  74 plants
  6 starspawn tentacles (Abyss:3)
196 creatures vanquished.

Grand Total: 1930 creatures vanquished

Notes
Turn   | Place    | Note
-------+----------+-------------------------------------------
     0 | D:1      | crossborder the Draconian Transmuter began the quest for
                  | the Orb.
     0 | D:1      | Reached XP level 1. HP: 16/16 MP: 3/3
   234 | D:1      | Reached XP level 2. HP: 14/23 MP: 5/5
  1047 | D:2      | Reached XP level 3. HP: 28/28 MP: 6/6
  1345 | D:2      | Reached skill level 4 in Unarmed Combat
  1499 | D:3      | Found a faded altar of an unknown god.
  1541 | D:3      | Learned a level 2 spell: Wereblood
  1731 | D:3      | Reached XP level 4. HP: 22/35 MP: 7/7
  1830 | D:3      | Found a glowing golden altar of the Shining One.
  1847 | D:3      | You fall into a shaft and drop 2 floors!
  1847 | D:5      | Entered Level 5 of the Dungeon
  1854 | D:5      | Noticed a water moccasin
  2171 | D:3      | Became a worshipper of the Shining One
  2674 | D:4      | Reached XP level 5. HP: 19/40 MP: 2/8
  2746 | D:4      | Found a sacrificial altar of Ru.
  2900 | D:4      | Reached skill level 5 in Unarmed Combat
  3271 | D:4      | Reached XP level 6. HP: 15/47 MP: 8/10
  3278 | D:4      | HP: 3/70 [poisoned by a scorpion]
  4064 | D:5      | Noticed Edmund
  4080 | D:5      | Killed Edmund
  4081 | D:5      | Reached skill level 6 in Unarmed Combat
  4081 | D:5      | Your scales start taking on a glossy black colour.
  4081 | D:5      | Reached XP level 7. HP: 39/53 MP: 8/11
  4081 | D:5      | Gained mutation: You are resistant to electric shocks.
                  | (rElec) [Black Draconian growth]
  4255 | D:5      | Found a staircase to the Ecumenical Temple.
  4366 | D:5      | Reached * piety under the Shining One
  4379 | D:5      | Noticed Menkaure
  4386 | D:5      | Killed Menkaure
  4387 | D:5      | Reached skill level 7 in Unarmed Combat
  4387 | D:5      | Reached XP level 8. HP: 61/62 MP: 9/13
  4764 | D:6      | Found a shimmering blue altar of Sif Muna.
  4950 | D:6      | Noticed Eustachio
  4964 | D:6      | Killed Eustachio
  5161 | D:6      | Reached skill level 8 in Unarmed Combat
  5582 | D:6      | Reached XP level 9. HP: 55/68 MP: 12/15
  5597 | D:6      | Reached skill level 5 in Transmutations
  5701 | D:6      | Learned a level 3 spell: Spider Form
  5724 | D:6      | Found a glowing silver altar of Zin.
  5956 | D:6      | Reached ** piety under the Shining One
  6013 | D:6      | Found an ancient bone altar of Kikubaaqudgha.
  6053 | D:7      | Found a radiant altar of Vehumet.
  6075 | D:7      | Reached skill level 5 in Dodging
  6075 | D:7      | Reached skill level 9 in Unarmed Combat
  6298 | D:7      | Reached skill level 5 in Spellcasting
  7014 | D:7      | Found a hazy altar of Hepliaklqana.
  7126 | D:8      | Found an ornate altar of the Wu Jian Council.
  7131 | D:8      | Found a snail-covered altar of Cheibriados.
  7131 | D:8      | Found an opulent altar of Gozag.
  7280 | D:8      | Found Wuamoes's Antique Armour Boutique.
  7317 | D:8      | Reached *** piety under the Shining One
  7343 | D:8      | Noticed a two-headed ogre
  7348 | D:8      | Killed a two-headed ogre
  7349 | D:8      | Reached skill level 10 in Unarmed Combat
  7349 | D:8      | Reached XP level 10. HP: 39/77 MP: 17/19
  7507 | D:8      | Found a bloodstained altar of Trog.
  8224 | D:9      | Found Alar's Lightly-Used Armoury.
  8253 | D:9      | Noticed a two-headed ogre
  8260 | D:9      | Killed a two-headed ogre
  8261 | D:9      | Reached skill level 11 in Unarmed Combat
  8266 | D:9      | Noticed a skeletal warrior
  8288 | D:9      | Killed a skeletal warrior
  8289 | D:9      | Reached skill level 1 in Evocations
  8291 | D:9      | Noticed a two-headed ogre
  8295 | D:9      | Learned a level 4 spell: Ice Form
  8297 | D:9      | Killed a two-headed ogre
  8332 | D:9      | Reached XP level 11. HP: 70/85 MP: 21/21
  8474 | D:9      | Noticed a deep elf pyromancer
  8475 | D:9      | Noticed a two-headed ogre
  8489 | D:9      | Reached **** piety under the Shining One
  8610 | D:9      | Killed a two-headed ogre
  8611 | D:9      | Reached skill level 12 in Unarmed Combat
  8714 | D:9      | Noticed a purple ugly thing
  8723 | D:9      | Killed a purple ugly thing
  8724 | D:9      | Reached skill level 1 in Ice Magic
  8740 | D:9      | Noticed a flayed ghost
  8752 | D:9      | Killed a flayed ghost
  8961 | D:10     | Entered Level 10 of the Dungeon
  9002 | D:10     | Noticed a two-headed ogre
  9015 | D:10     | Killed a two-headed ogre
  9102 | D:10     | Reached skill level 13 in Unarmed Combat
  9165 | D:10     | Found a staircase to the Lair.
  9198 | D:10     | Identified the +7 war axe of Cikek {heavy, rC+ Dex-4
                  | Stlth+}
  9253 | D:10     | Found a staircase to the Orcish Mines.
  9451 | D:9      | Noticed a glowing orange brain
  9582 | D:9      | Reached skill level 5 in Fighting
  9892 | D:9      | Found a sparkling altar of Nemelex Xobeh.
 10011 | D:10     | Found Uniud's General Store.
 10072 | D:10     | Found a basalt altar of Yredelemnul.
 10084 | D:10     | Found an iron altar of Okawaru.
 10265 | D:10     | Learned a level 2 spell: Blink
 10273 | D:10     | Learned a level 7 spell: Storm Form
 10329 | D:10     | Noticed a two-headed ogre
 10340 | D:10     | Killed a two-headed ogre
 10341 | D:10     | Reached skill level 1 in Air Magic
 10341 | D:10     | Reached XP level 12. HP: 80/94 MP: 23/23
 10686 | Lair:1   | Entered Level 1 of the Lair of Beasts
 10934 | Lair:1   | Reached skill level 14 in Unarmed Combat
 11483 | Lair:2   | Noticed Urug
 11573 | Lair:2   | Noticed a four-headed hydra
 11586 | Lair:2   | Killed a four-headed hydra
 11705 | Lair:2   | Noticed an eight-headed hydra
 11917 | Orc:1    | Entered Level 1 of the Orcish Mines
 12187 | Orc:1    | Found Ycohosoi's Firing Range.
 12191 | Orc:1    | Bought a throwing net for 48 gold pieces
 12197 | Orc:1    | Found a transporter.
 12200 | Orc:1    | Noticed Guseph's ghost (journeyman DjSu)
 12201 | Orc:1    | Found a transporter.
 12393 | Orc:1    | Reached ***** piety under the Shining One
 12609 | Orc:2    | Entered Level 2 of the Orcish Mines
 12842 | Orc:1    | Upgraded the game from 0.30-a0-630-g881e3bac89 to
                  | 0.30-a0-634-g8abc85282e
 12873 | Orc:2    | Found Dedwyuph's Armour Shoppe.
 12885 | Orc:2    | Bought a +2 hat for 224 gold pieces
 12991 | Orc:2    | Reached skill level 5 in Air Magic
 13140 | Orc:2    | Found a staircase to the Elven Halls.
 13182 | Orc:2    | Noticed an orc high priest
 13205 | Orc:2    | Killed an orc high priest
 13217 | Orc:2    | Reached XP level 13. HP: 78/101 MP: 23/25
 13225 | Orc:2    | Reached skill level 15 in Unarmed Combat
 13237 | Orc:2    | The Shining One protects you from harm!
 13430 | Orc:2    | HP: 4/101 [sun demon[an orc high priest] (17)]
 14020 | Orc:2    | Reached skill level 1 in Invocations
 14070 | Orc:2    | Found Emoad's Assorted Antiques.
 14070 | Orc:2    | Found Nikhliywk's Weapon Shop.
 14093 | Orc:2    | Found Uttemas's Antique Armour Emporium.
 14093 | Orc:2    | Found Ceipsyho's Antique Armour Emporium.
 14103 | Orc:2    | Bought a gluggy clear potion for 22 gold pieces
 14103 | Orc:2    | Bought a scroll of identify for 50 gold pieces
 15145 | D:12     | Noticed Rupert
 15502 | Lair:2   | Reached skill level 10 in Transmutations
 15537 | Abyss:2  | Cast into level 2 of the Abyss (Urug)
 15778 | Abyss:2  | Found a corrupted altar of Lugonu.
 15792 | Abyss:2  | Noticed a white draconian
 15795 | Abyss:2  | Found a corrupted altar of Lugonu.
 15830 | Abyss:2  | Killed a white draconian
 15874 | Abyss:2  | Found a corrupted altar of Lugonu.
 16188 | Abyss:2  | Noticed an eidolon
 16201 | Abyss:2  | Killed an eidolon
 16253 | Abyss:2  | Reached skill level 1 in Earth Magic
 16449 | Lair:2   | Escaped the Abyss
 16476 | Lair:2   | Killed Urug
 16541 | Lair:2   | Gained mutation: Your large and strong wings let you fly.
                  | [Black Draconian growth]
 16541 | Lair:2   | Reached XP level 14. HP: 109/110 MP: 27/27
 16548 | Lair:2   | Learned a level 6 spell: Statue Form
 16778 | Lair:2   | Found a staircase to the Swamp.
 17063 | Lair:3   | Found a hole to the Spider Nest.
 17235 | Lair:3   | Reached ****** piety under the Shining One
 17312 | Lair:3   | Reached skill level 10 in Dodging
 18181 | Lair:3   | Identified a scroll of acquirement
 18272 | D:10     | Bought a scroll of enchant armour for 97 gold pieces
 18560 | D:12     | Paralysed by Rupert for 3 turns
 18566 | D:12     | Paralysed by Rupert for 3 turns
 18642 | D:12     | Killed Rupert
 18916 | D:12     | Found the +3 salamander hide armour {Flames, rFlCloud rF++
                  | rC--}
 18928 | D:12     | Reached skill level 1 in Translocations
 19008 | D:12     | Gained mutation: Your body sometimes deteriorates upon
                  | taking damage. [potion of mutation]
 19008 | D:12     | Gained mutation: Your system is resistant to poisons.
                  | (rPois) [potion of mutation]
 19008 | D:12     | Gained mutation: You are agile. (Dex +4, Str/Int -1)
                  | [potion of mutation]
 19197 | D:12     | Identified the +4 great sword of Gluttony {drain, Dex+3}
 19624 | D:13     | Noticed Nessos
 19624 | D:13     | Found a gate to the Vaults.
 19957 | Lair:4   | Gained mutation: You occasionally lose the ability to drink
                  | potions when taking damage. [mutagenic glow]
 19972 | Lair:3   | Gained mutation: Your spells are a little easier to cast,
                  | but a little less powerful. [mutagenic glow]
 20053 | Lair:3   | Lost mutation: Your body sometimes deteriorates upon taking
                  | damage. [potion of mutation]
 20053 | Lair:3   | Lost mutation: Your spells are a little easier to cast, but
                  | a little less powerful. [potion of mutation]
 20053 | Lair:3   | Lost mutation: You are agile. (Dex +4, Str/Int -1) [potion
                  | of mutation]
 20053 | Lair:3   | Gained mutation: You are dopey. (Int -2) [potion of
                  | mutation]
 20053 | Lair:3   | Gained mutation: A frigid envelope surrounds you and
                  | freezes all who hurt you. [potion of mutation]
 20053 | Lair:3   | Gained mutation: You possess an exceptional clarity of
                  | mind. [potion of mutation]
 20777 | Lair:4   | Reached skill level 10 in Spellcasting
 21219 | Lair:5   | Entered Level 5 of the Lair of Beasts
 21264 | Lair:5   | Reached XP level 15. HP: 119/119 MP: 19/29
 21716 | Lair:5   | Reached skill level 5 in Earth Magic
 21809 | Lair:5   | Identified the ring "Fearemio" {rN+ Will+ SInv}
 21881 | Lair:5   | Lost mutation: You possess an exceptional clarity of mind.
                  | [potion of mutation]
 21881 | Lair:5   | Lost mutation: A frigid envelope surrounds you and freezes
                  | all who hurt you. [potion of mutation]
 21881 | Lair:5   | Lost mutation: You occasionally lose the ability to drink
                  | potions when taking damage. [potion of mutation]
 21881 | Lair:5   | Gained mutation: You are clumsy. (Dex -2) [potion of
                  | mutation]
 22116 | Lair:5   | Found a viscous altar of Jiyva.
 22116 | Lair:5   | Found a staircase to the Slime Pits.
 22668 | D:12     | Reached skill level 5 in Invocations
 22672 | D:12     | Killed Nessos
 22977 | D:13     | Noticed Maurice
 22989 | D:13     | Killed Maurice
 23807 | D:14     | Learned a level 3 spell: Stone Arrow
 24478 | D:14     | Reached XP level 16. HP: 127/127 MP: 19/31
 24671 | D:12     | Lost mutation: You are dopey. (Int -2) [potion of mutation]
 24671 | D:12     | Lost mutation: You are clumsy. (Dex -2) [potion of
                  | mutation]
 24671 | D:12     | Gained mutation: You have a somewhat thin skeletal
                  | structure. (Dex +2, Stealth+) [potion of mutation]
 24671 | D:12     | Gained mutation: You are robust. (+10% HP) [potion of
                  | mutation]
 24783 | Spider:1 | Entered Level 1 of the Spider Nest
 24905 | Spider:1 | Identified the +2 robe of Conscience {Harm}
 25326 | Spider:1 | Learned a level 5 spell: Lee's Rapid Deconstruction
 25432 | Spider:2 | Noticed Arachne
 25670 | Spider:1 | Gained mutation: Your body sometimes deteriorates upon
                  | taking damage. [mutagenic glow]
 25799 | Spider:1 | Acquired the +1 pair of boots "Payvajir" {Will+}
 25806 | Spider:1 | Acquired a book of Transfigurations
 25818 | Spider:1 | Learned a level 7 spell: Dragon Form
 26269 | Spider:1 | Upgraded the game from 0.30-a0-634-g8abc85282e to
                  | 0.30-a0-636-g200c5c4a83
 26300 | Spider:2 | Killed Arachne
 27240 | Spider:3 | Noticed Asterion
 27256 | Spider:3 | Noticed Kirke
 27597 | Spider:3 | Killed Kirke
 28040 | Swamp:1  | Entered Level 1 of the Swamp
 28040 | Swamp:1  | Noticed Aizul
 28186 | Swamp:1  | Killed Aizul
 28187 | Swamp:1  | Reached skill level 16 in Unarmed Combat
 28192 | Swamp:1  | Reached XP level 17. HP: 149/149 MP: 28/33
 28504 | Elf:1    | Entered Level 1 of the Elven Halls
 28904 | Elf:1    | Identified the +4 dagger of Xom, Flying {flame, *Corrode
                  | rPois Will+ Str+6}
 29764 | Elf:1    | Found a runed translucent gate.
 29764 | Elf:1    | Found a runed translucent gate.
 29764 | Elf:1    | Found a runed translucent gate.
 29764 | Elf:1    | Found a runed translucent gate.
 29764 | Elf:1    | Found a runed translucent gate.
 29766 | Elf:1    | Found a runed translucent gate.
 30049 | Elf:1    | Gained mutation: You are weak. (Str -2) [mutagenic glow]
 30143 | Elf:1    | Found Cenan's Antique Armour Boutique.
 30229 | Elf:1    | Bought a pair of runed boots for 157 gold pieces
 30352 | Elf:2    | Learned a level 5 spell: Blade Hands
 30533 | Elf:2    | Found Omegulu's Armour Shop.
 30928 | Elf:2    | Found a huge runed translucent gate.
 30928 | Elf:2    | Found a huge runed translucent gate.
 30928 | Elf:2    | Found a huge runed translucent gate.
 30929 | Elf:2    | Found a huge runed translucent gate.
 30931 | Elf:2    | Found a huge runed translucent gate.
 31138 | Elf:3    | Entered Level 3 of the Elven Halls
 31150 | Elf:3    | Reached skill level 5 in Translocations
 31155 | Elf:3    | Reached skill level 17 in Unarmed Combat
 31215 | Elf:3    | Paralysed by an air elemental for 1 turns
 31639 | Elf:2    | Upgraded the game from 0.30-a0-636-g200c5c4a83 to
                  | 0.30-a0-643-g638baaf3f0
 31799 | Elf:2    | Reached XP level 18. HP: 158/158 MP: 29/35
 32451 | Spider:2 | Killed Asterion
 32709 | Spider:3 | Noticed Roxanne
 32743 | Spider:3 | Killed Roxanne
 33019 | Spider:3 | Identified the +0 hat "Nuanuiv" {rCorr Dex+4}
 33065 | Spider:4 | Entered Level 4 of the Spider Nest
 33068 | Spider:4 | Identified the +4 ring mail of Hysteria {rC+ Str+3}
 33214 | Spider:4 | Reached skill level 1 in Conjurations
 33724 | Spider:4 | Reached skill level 18 in Unarmed Combat
 34394 | Spider:4 | Got a gossamer rune of Zot
 34504 | Spider:4 | Found a runed translucent door.
 34507 | Spider:4 | Noticed Opifex's ghost (adept DsFi)
 34548 | Spider:4 | Killed Opifex's ghost
 34765 | Lair:2   | Upgraded the game from 0.30-a0-643-g638baaf3f0 to
                  | 0.30-a0-651-g0755cc6dcf
 34765 | Lair:2   | Upgraded the game from 0.30-a0-651-g0755cc6dcf to
                  | 0.30-a0-691-g754fce4c43
 34967 | Swamp:1  | Noticed Mlioglotl
 34979 | Swamp:1  | Killed Mlioglotl
 35525 | Swamp:2  | Noticed Jorgrun
 35533 | Swamp:2  | Killed Jorgrun
 35594 | Swamp:2  | Noticed Frances
 35595 | Swamp:2  | Noticed Donald
 35606 | Swamp:2  | Killed Donald
 35618 | Swamp:2  | Killed Frances
 35712 | Swamp:2  | Noticed Louise
 35733 | Swamp:2  | Killed Louise
 35748 | Swamp:2  | Reached XP level 19. HP: 126/166 MP: 32/37
 35988 | Swamp:2  | Upgraded the game from 0.30-a0-691-g754fce4c43 to
                  | 0.30-a0-694-g3340775977
 36493 | Swamp:3  | Upgraded the game from 0.30-a0-694-g3340775977 to
                  | 0.30-a0-719-gcc4359ea44
 36971 | Swamp:4  | Entered Level 4 of the Swamp
 37045 | Swamp:4  | Reached skill level 10 in Air Magic
 37048 | Swamp:4  | Found the +3 pair of seven-league boots {Rampage+∞}
 37062 | Swamp:4  | Reached skill level 10 in Invocations
 37226 | Swamp:4  | Found a runed translucent door.
 37229 | Swamp:4  | Noticed WienerDreamer's ghost (adept HOFi)
 37660 | Swamp:4  | Got a decaying rune of Zot
 37755 | Swamp:4  | Gained mutation: You occasionally shout uncontrollably at
                  | your foes. [mutagenic glow]
 37763 | Swamp:4  | Gained mutation: Your spells are a little easier to cast,
                  | but a little less powerful. [mutagenic glow]
 37833 | Swamp:4  | Killed WienerDreamer's ghost
 38466 | Elf:3    | Reached skill level 19 in Unarmed Combat
 38655 | Elf:3    | HP: 6/167 [deep elf annihilator/iron shot (32)]
 38668 | Elf:3    | Identified the +12 halberd of Fuam Duo {freeze, Drain rPois
                  | rN+ Int+3}
 38822 | Elf:3    | Identified the +9 glaive "crossborder's Peril" {heavy, rF+
                  | rN+ Str+4}
 39075 | Elf:3    | Got the Anthology of Last Rites and Relocation
 39773 | D:15     | Entered Level 15 of the Dungeon
 39775 | D:15     | Noticed Azrael
 39780 | D:15     | Killed Azrael
 39796 | D:15     | Reached skill level 15 in Spellcasting
 40041 | D:15     | Reached XP level 20. HP: 173/177 MP: 39/39
 40077 | D:15     | Learned a level 5 spell: Irradiate
 40308 | D:15     | Learned a level 6 spell: Conjure Ball Lightning
 40426 | D:15     | Reached skill level 10 in Fighting
 40457 | D:15     | Found a staircase to the Depths.
 40812 | D:13     | Lost mutation: Your spells are a little easier to cast, but
                  | a little less powerful. [potion of mutation]
 40812 | D:13     | Lost mutation: Your system is resistant to poisons. (rPois)
                  | [potion of mutation]
 40812 | D:13     | Gained mutation: You are dopey. (Int -2) [potion of
                  | mutation]
 40812 | D:13     | Gained mutation: Your body often deteriorates upon taking
                  | damage. [potion of mutation]
 40813 | D:13     | Lost mutation: You are weak. (Str -2) [potion of mutation]
 40813 | D:13     | Lost mutation: Your body often deteriorates upon taking
                  | damage. [potion of mutation]
 40813 | D:13     | Gained mutation: You expend magic power (3 MP) to
                  | strengthen your wands. [potion of mutation]
 40813 | D:13     | Gained mutation: You are agile. (Dex +4, Str/Int -1)
                  | [potion of mutation]
 40830 | Vaults:1 | Entered Level 1 of the Vaults
 40848 | Abyss:3  | Cast into level 3 of the Abyss (a wizard)
 40957 | Abyss:3  | Noticed a bone dragon
 41004 | Abyss:3  | Reached skill level 20 in Unarmed Combat
 41200 | Abyss:3  | Noticed a bone dragon
 41212 | Abyss:3  | Killed a bone dragon
 41225 | Vaults:1 | Escaped the Abyss
 41245 | Vaults:1 | Upgraded the game from 0.30-a0-719-gcc4359ea44 to
                  | 0.30-a0-721-ga6a225cb13
 41699 | Vaults:1 | HP: 12/265 [centaur warrior/arrow (10)]
 42433 | Vaults:1 | Identified the +4 quarterstaff "Gysyeg" {flame, *Noise
                  | rElec Will+ Dex+7}
 43607 | Vaults:2 | Gained mutation: Potions are less effective at restoring
                  | your health. [mutagenic glow]
 43991 | Vaults:2 | Reached XP level 21. HP: 188/188 MP: 33/40
 44071 | Vaults:2 | Noticed Xtahua
 44071 | Vaults:2 | Paralysed by Xtahua for 5 turns
 44096 | Vaults:2 | Paralysed by Xtahua for 3 turns
 44098 | Vaults:2 | Killed Xtahua
 44516 | Vaults:2 | Paralysed by a great orb of eyes for 4 turns
 44745 | Vaults:3 | You are sucked into a shaft and drop 1 floor!
 44751 | Vaults:4 | Reached skill level 15 in Dodging
 45118 | Vaults:4 | Noticed Mara
 45127 | Vaults:4 | Noticed crossborder's illusion
 45131 | Vaults:4 | Noticed crossborder's illusion
 45138 | Vaults:4 | Killed Mara
 46402 | Vaults:3 | Noticed Nikola
 46416 | Vaults:3 | Killed Nikola
 46472 | Vaults:3 | Found a staircase to the Crypt.
 46498 | Vaults:3 | Reached skill level 5 in Evocations
 46498 | Vaults:3 | Reached XP level 22. HP: 201/201 MP: 35/42
 46505 | Vaults:3 | Learned a level 4 spell: Manifold Assault
 46873 | Vaults:3 | Found a transporter.
 46918 | Vaults:3 | Found a transporter.
 47136 | Vaults:3 | Identified the ring "Ceekk" {Ice Int+2}
 47142 | Vaults:3 | Identified the amulet "Koasujatt" {Spirit rCorr Slay+6}
 47180 | Vaults:3 | Learned a level 3 spell: Ozocubu's Armour
 47344 | Vaults:3 | Found a gateway to a bazaar.
 47648 | Vaults:5 | Entered Level 5 of the Vaults
 47881 | Vaults:5 | Noticed Margery
 48200 | Vaults:5 | Paralysed by a sphinx for 3 turns
 48205 | Vaults:5 | Noticed Boris
 48668 | Vaults:5 | Lost mutation: You are agile. (Dex +4, Str/Int -1) [potion
                  | of mutation]
 48668 | Vaults:5 | Lost mutation: Potions are less effective at restoring your
                  | health. [potion of mutation]
 48668 | Vaults:5 | Lost mutation: You have a somewhat thin skeletal structure.
                  | (Dex +2, Stealth+) [potion of mutation]
 48668 | Vaults:5 | Lost mutation: You expend magic power (3 MP) to strengthen
                  | your wands. [potion of mutation]
 48668 | Vaults:5 | Gained mutation: Your flesh is heat resistant. (rF+)
                  | [potion of mutation]
 48769 | Vaults:5 | Identified the +5 short sword of Bodily Harmony {drain,
                  | rElec}
 48802 | Vaults:5 | Gained mutation: You are occasionally teleported next to
                  | monsters. [mutagenic glow]
 48832 | Vaults:5 | Identified the amulet "Juyquet" {Faith *Corrode *Slow rC+++
                  | rN+++}
 48905 | Vaults:5 | Noticed a golden dragon
 48910 | Vaults:5 | Found the +0 staff of Battle
 48989 | Vaults:5 | Lost mutation: You are dopey. (Int -2) [potion of mutation]
 48989 | Vaults:5 | Lost mutation: Your body sometimes deteriorates upon taking
                  | damage. [potion of mutation]
 48989 | Vaults:5 | Lost mutation: You are robust. (+10% HP) [potion of
                  | mutation]
 48989 | Vaults:5 | Lost mutation: You occasionally shout uncontrollably at
                  | your foes. [potion of mutation]
 48989 | Vaults:5 | Gained mutation: You expend magic power (3 MP) to
                  | strengthen your wands. [potion of mutation]
 48989 | Vaults:5 | Gained mutation: You are agile. (Dex +4, Str/Int -1)
                  | [potion of mutation]
 49003 | Vaults:5 | HP: 9/188 [fire giant/fireball (13)]
 49004 | Vaults:5 | The Shining One protects you from harm!
 49005 | Vaults:5 | Killed from afar by a fire giant

Illustrated notes

Levels and vault maps discovered:
D:1:      onia_arrival_pyramid, layout_rooms
D:2:      layout_loops_ring, serial_co_window_serial, co_window_paths_b,
          co_window_paths_b, co_window_paths_a, co_window_of_opportunity_a,
          co_window_cross_1, co_window_corner_ca, co_window_corner_b,
          co_window_unsneaky_path_d, co_window_2corner, co_window_sun,
          glass_columns_b, glass_columns_b, glass_columns_a
D:3:      layout_basic, lemuel_tele_altar, nicolae_ecumenical_pavilion,
          hangedman_decor_clover_reticule, grunt_decor_junction, kennysheep_nub,
          chequers_serial_rivers_large_b, minivault_24
D:4:      layout_gridville, mainiacjoe_overflow_concentric_impassable
D:5:      layout_basic, minmay_temple_entry_tees, hangedman_decor_riveting,
          minmay_between, uniq_menkaure, uniq_edmund
D:6:      layout_rooms, mainiacjoe_overflow_alcove_1,
          mainiacjoe_overflow_boulevard, zin_scriptorium, serial_aquarium,
          aquarium_bridge_long_joined [aquarium_subvault_bridge,
          aquarium_subvault_wall, aquarium_subvault_wall,
          aquarium_subvault_balcony, aquarium_subvault_wall,
          aquarium_subvault_window], aquarium_window_1, aquarium_window_fake,
          aquarium_window_corner, aquarium_window_2, aquarium_view_2e,
          aquarium_view_2b, aquarium_pool_2, uniq_eustachio
D:7:      layout_loops_ring, lemuel_crystal_altar, marbit_many_paths
D:8:      layout_basic, grunt_temple_overflow_open, trog_hazing_becter,
          serial_shops, shop
D:9:      nzn_winding_woodlands_medium [nzn_winding_woodlands_hourglass,
          nzn_winding_woodlands_5x15_longhouse, nzn_winding_woodlands_5x5_three,
          nzn_winding_woodlands_5x5_default,
          nzn_winding_woodlands_center_pierced_h,
          nzn_winding_woodlands_5x5_open_star,
          nzn_winding_woodlands_5x5_closed_star,
          nzn_winding_woodlands_5x15_zeroes,
          nzn_winding_woodlands_5x5_checkerboard], layout_gridville,
          nicolae_overflow_hidden_temple, grunt_decor_mini_mirrors,
          palyth_stone_intersect, minmay_shop_damaged
D:10:     layout_roguey, amethyst_overflow_temple_binary,
          hellmonk_lair_entry_icy, kennysheep_orc_monster_closet_entryway,
          serial_shops, nicolae_shop_stone
D:11:     layout_roguey
D:12:     layout_irregular_city, st_stairs_10,
          hellmonk_guarded_unrand_salamander, uniq_rupert
D:13:     layout_loops_cross, david_vaults_3, uniq_maurice
D:14:     layout_roguey, serial_co_window_serial, co_window_corner_a,
          co_window_paths_a, co_window_of_opportunity_a, co_window_paths_a,
          co_window_corner_a, co_window_corner_b, co_window_2corner,
          co_window_broadway_a, co_window_corner_b, co_window_cross_4,
          co_window_cross_4, glass_columns_c, glass_columns_b, glass_columns_b,
          glass_columns_b
D:15:     grunt_enter_depths_hoard, layout_basic, nicolae_water_bricks,
          uniq_azrael
Lair:1:   layout_chaotic_city
Lair:2:   layout_loops_ring, nicolae_swamp_entry_splash_gauntlet,
          grunt_megastairs_1, uniq_urug
Lair:3:   slaughterhouse, layout_small_grid, nicolae_spider_entry_non_spiders,
          infiniplex_staircase_pool_2
Lair:4:   layout_loops_ring, special_room [special_room_mythical_zoo],
          bh_autumn_forest_stairs, lemuel_fruit_tree, grunt_megastairs_2
Lair:5:   gammafunk_lair_ancient_temple, layout_concentric_octagons,
          dpeg_slime_entry_enclosed
Swamp:1:  layout_basic_swamp, evilmike_swamp_ruin_house_3, swamp_pool5,
          uniq_aizul, uniq_mlioglotl
Swamp:2:  layout_basic_swamp, hangedman_swamp_ruin_wall, uniq_donald,
          uniq_frances, uniq_jorgrun, uniq_louise
Swamp:3:  layout_falls_marsh, nicolae_swamp_ascending_descending_big
Swamp:4:  swamp_basic_johnstein, layout_basic_swamp, gammafunk_ghost_grave,
          worms_lemuel, infiniplex_staircase_pool
Spider:1: lemuel_spider_zombies
Spider:2: layout_spider_delve, nicolae_spider_scorpion_nest, uniq_arachne
Spider:3: layout_spider_delve, hellmonk_motheaten_closet, uniq_asterion,
          uniq_roxanne, uniq_kirke
Spider:4: grunt_spider_rune_circles, hellmonk_ghost_happy_afterlife,
          guppyfry_spider_mini_2
Orc:1:    layout_caves, gammafunk_ghost_arena, nicolae_shop_firing_range
Orc:2:    st_orc_elflike, layout_caves, serial_shops, nicolae_diamond_shop
Elf:1:    nicolae_elf_arrival_no_cutting_in_line, layout_geoelf_diagonals,
          serial_shops, shop_fountains, orc_legates
Elf:2:    elven_hall_of_blades_hangedman_alternative
          [nicolae_blade_entry_hurt_lockers], layout_gridlike, serial_shops,
          nicolae_shop_hallway_plus, hangedman_decor_cross_pass
Elf:3:    minmay_elf_hall_curves, layout_loops_ring, grunt_megastairs_5
Vaults:1: ontoclasm_vaults_eye, nicolae_vaults_little_squares_1,
          v_alt_pattern_4, v_misc_23, nicolae_vaults_yaktaur_gun_rack,
          v_misc_22, layout_vaults_omnigrid
Vaults:2: v_misc_22, v_rooms_6, ontoclasm_vaults_ring_large,
          nicolae_vaults_shelves_hall, v_misc_25,
          nicolae_vaults_mini_display_case, hangedman_vaults_nails,
          hangedman_vaults_pinch, hangedman_vaults_restitches,
          vaults_room_fours, vaults_room_grid, vaults_dpeg_encased_lava,
          layout_vaults_chaotic_city, uniq_xtahua
Vaults:3: gammafunk_dig_for_victory, v_misc_17, nicolae_vaults_what_the_h,
          v_misc_5, ontoclasm_vaults_bender, vaults_mumra_lcd,
          vaults_standard_mumra_lines, hangedman_vaults_snaps,
          ontoclasm_vaults_chip, nicolae_vaults_three_branches,
          minmay_crypt_entry_simple_corners, hangedman_vaults_impose,
          layout_vaults_omnibox, serial_shops, freezing_bzr, uniq_nikola
Vaults:4: ontoclasm_vaults_idyll, vaults_room_corners,
          nicolae_vaults_little_squares_5, hangedman_vaults_nails,
          nicolae_vaults_little_squares_2, ontoclasm_vaults_fault,
          nicolae_vaults_little_squares_2, v_misc_19,
          nicolae_vaults_little_squares_3, vaults_dpeg_doors,
          hangedman_vaults_slice, layout_vaults_maze_snakey, uniq_mara
Vaults:5: uniq_margery, uniq_boris

Skill      XL: |  1  2  3  4  5  6  7  8  9 10 11 12 13 14 15 16 17 18 19 20 21 22 |
---------------+-------------------------------------------------------------------+-----
Dodging        | 2 3 4 5 6 7 8 9 11 12 13 14 15 16 | 16.8
Unarmed Combat | 4 5 6 7 8 10 11 13 14 15 16 17 18 19 20 | 20.7
Transmutations | 3 4 5 6 7 8 10 11 13 14 | 14.8
Spellcasting   | 3 4 6 7 8 9 10 11 12 13 14 15 16 17 | 17.4
Fighting       | 2 3 4 5 6 7 8 9 11 12 13 | 13.8
Evocations     | 1 5 |  5.0
Ice Magic      | 2 |  2.0
Air Magic      | 1 5 7 8 9 10 11 12 14 | 14.0
Invocations    | 1 2 6 7 8 9 10 | 10.1
Earth Magic    | 1 4 6 |  6.6
Translocations | 1 3 5 6 7 |  7.7
Conjurations   | 3 4 |  4.9
Throwing       | |  0.2
Poison Magic   | |  0.1

Action                     |  1- 3 |  4- 6 |  7- 9 | 10-12 | 13-15 | 16-18 | 19-21 | 22-24 || total
---------------------------+-------+-------+-------+-------+-------+-------+-------+-------++-------
  Melee: Unarmed           |   123 |   148 |   279 |   680 |  1382 |  1328 |  1240 |   200 ||  5380
         Kick              |     4 |    17 |    61 |   149 |   188 |       |       |       ||   419
         Headbutt          |     4 |    11 |    42 |    98 |   131 |       |       |       ||   286
         Punch             |     1 |     6 |    15 |    57 |   199 |   214 |   235 |    44 ||   771
         Tailslap          |     6 |    25 |    41 |   115 |   361 |   279 |   299 |    49 ||  1175
         Bite              |       |       |       |       |       |    56 |   112 |    10 ||   178
  Throw: Throwing net      |       |       |       |     1 |     1 |       |       |       ||     2
   Cast: Beastly Appendage |     8 |    10 |    21 |    31 |    29 |       |       |       ||    99
         Wereblood         |       |     4 |    21 |    39 |    26 |     2 |     2 |     5 ||    99
         Spider Form       |       |       |     1 |     4 |       |       |       |       ||     5
         Ice Form          |       |       |       |    13 |     4 |       |       |       ||    17
         Blink             |       |       |       |       |     5 |     2 |     1 |       ||     8
         Statue Form       |       |       |       |       |    22 |    14 |     6 |     1 ||    43
         Stone Arrow       |       |       |       |       |     5 |     6 |    10 |       ||    21
         Dragon Form       |       |       |       |       |       |    44 |    49 |    10 ||   103
         Lee's Rapid Decon |       |       |       |       |       |    27 |     7 |     1 ||    35
         Storm Form        |       |       |       |       |       |     5 |     2 |       ||     7
         Blade Hands       |       |       |       |       |       |     1 |     1 |       ||     2
         Conjure Ball Ligh |       |       |       |       |       |       |       |     9 ||     9
         Ozocubu's Armour  |       |       |       |       |       |       |       |     3 ||     3
         Manifold Assault  |       |       |       |       |       |       |       |     2 ||     2
 Invoke: Divine Shield     |       |       |       |     1 |     8 |     7 |     5 |     6 ||    27
         Summon Divine War |       |       |       |       |       |    11 |    10 |     7 ||    28
         Cleansing Flame   |       |       |       |       |       |     1 |       |     1 ||     2
Ability: Breathe Lightning |       |       |     1 |     5 |    12 |    15 |    16 |     6 ||    55
         Blinkbolt         |       |       |       |       |       |     1 |     3 |       ||     4
         End Transformatio |       |       |       |       |       |     1 |       |     1 ||     2
  Evoke: Wand              |       |       |       |    12 |    30 |    13 |       |     5 ||    60
         Phial of floods   |       |       |       |       |     1 |       |       |       ||     1
         Box of beasts     |       |       |       |       |       |     2 |       |     1 ||     3
    Use: Potion            |       |     1 |     1 |     4 |     9 |     5 |     9 |     8 ||    37
         Scroll            |       |       |     3 |    16 |    11 |    16 |     3 |     6 ||    55
   Stab: Sleeping          |     2 |     1 |       |       |       |       |       |       ||     3
         Distracted        |     1 |       |       |       |       |       |       |       ||     1
 Armour: Skin              |    24 |    28 |    45 |   265 |   651 |   838 |   637 |   193 ||  2681
  Dodge: Dodged            |    69 |    98 |   187 |   614 |  1164 |  1252 |   978 |   234 ||  4596
  Block: Other             |       |       |       |       |    18 |    42 |    11 |    69 ||   140

Table legend: (Time is in decaauts)
 A = Elapsed time spent in this place.
 B = Non-inter-level travel time spent in this place.
 C = Inter-level travel time spent in this place.
 D = Time resting spent in this place.
 E = Time spent auto-exploring this place.
 F = Levels seen in this place.
 G = Mean time per level.
                   A        B        C        D        E       F      G
               +--------+--------+--------+--------+--------+-----+--------+
         Total |  48420 |  42748 |   5672 |   5123 |  23521 |  40 | 1210.5 |
       Dungeon |  16951 |  15091 |   1860 |   1267 |  10073 |  15 | 1130.1 |
          Lair |   6944 |   6235 |    709 |    665 |   3086 |   5 | 1388.8 |
         Swamp |   3412 |   3212 |    200 |    350 |   1641 |   4 |  853.0 |
   Spider Nest |   5528 |   5000 |    528 |    775 |   2428 |   4 | 1382.0 |
  Orcish Mines |   2148 |   1894 |    254 |    396 |    660 |   2 | 1074.0 |
   Elven Halls |   4716 |   3341 |   1375 |    375 |   1378 |   3 | 1572.0 |
        Vaults |   7485 |   6743 |    742 |    961 |   4014 |   5 | 1497.0 |
         Abyss |   1233 |   1233 |      0 |    333 |    240 |   2 |  616.5 |
               +--------+--------+--------+--------+--------+-----+--------+

Top non-repeatable levels by time:
Vaults:4: 2079 daAuts
Vaults:2: 1887 daAuts
   Elf:1: 1865 daAuts
    D:10: 1787 daAuts
Spider:2: 1760 daAuts
  Lair:3: 1743 daAuts
Vaults:3: 1671 daAuts
  Lair:2: 1644 daAuts
   Elf:3: 1620 daAuts
     D:4: 1488 daAuts
Spider:4: 1476 daAuts
     D:9: 1427 daAuts
Vaults:1: 1424 daAuts
Spider:1: 1412 daAuts
  Lair:1: 1343 daAuts
